 Dungeon Crawl Stone Soup version 0.19-a0-965-g50bf062 (webtiles) character file.

324 FitzyFitz the Changer (level 6, -4/38 HPs)
             Began as a High Elf Transmuter on July 12, 2016.
             Was a Believer of Dithmenos.
             Killed from afar by an orc wizard (8 damage)
             ... with a magic dart
             ... on level 4 of the Dungeon.
             The game lasted 00:10:18 (4416 turns).

FitzyFitz the Changer (High Elf Transmuter)         Turns: 4416, Time: 00:10:19

Health: -4/38      AC:  2    Str:  9    XL:     6   Next: 23%
Magic:  9/11       EV: 20    Int: 20    God:    Dithmenos [**....]
Gold:   204        SH:  0    Dex: 20    Spells: 3 memorised, 5 levels left

rFire  + . .     SeeInvis .       - Unarmed
rCold  x . .     Gourm    .     (armour currently unavailable)
rNeg   . . .     Faith    .     (shield currently unavailable)
rPois  x         Spirit   .     (helmet currently unavailable)
rElec  .         Dismiss  .     (cloak currently unavailable)
rCorr  .         Reflect  .     (gloves currently unavailable)
SustAt .         Harm     .     (boots currently unavailable)
MR     +....                    (no amulet)
Stlth  ++++......               g - ring of protection from magic
                                e - ring of fire

@: spider-form, wreathed by umbra, somewhat resistant to hostile enchantments,
stealthy
A: sense surroundings 1
a: End Transformation, Shadow Step, Renounce Religion


You were on level 4 of the Dungeon.
You worshipped Dithmenos.
Dithmenos was pleased with you.
You were not hungry.
You were a venomous arachnid creature.
You visited 1 branch of the dungeon, and saw 4 of its levels.

You collected 204 gold pieces.

Inventory:

Hand Weapons
 b - a +0 hunting sling (melded)
 i - a +1 dagger of speed
Missiles
 j - 99 stones (quivered)
 w - 40 sling bullets
Armour
 l - a +0 cloak (melded)
 m - a +0 leather armour
 p - a +0 pair of gloves (melded)
 u - a +1 ring mail of cold resistance
 A - a +0 robe (melded)
Jewellery
 e - a ring of fire (left front leg)
 g - a ring of protection from magic (right front leg)
Wands
 v - a wand of slowing (10/48)
Scrolls
 f - 3 scrolls of remove curse {unknown}
 h - a scroll of recharging {unknown}
 k - a scroll of enchant weapon {unknown}
 o - a scroll of noise {unknown}
 q - 2 scrolls of identify
 r - 2 scrolls of enchant armour {unknown}
 t - a scroll of amnesia {unknown}
 y - 2 scrolls of teleportation {unknown}
Potions
 z - 2 potions of heal wounds
 B - a potion of lignification {unknown}
Books
 c - a book of Changes

   Spells                             Type                      Level
   a - Beastly Appendage              Transmutation                1
   b - Sticks to Snakes               Transmutation                2
   c - Spider Form                    Transmutation/Poison         3
   d - Ice Form                       Ice/Transmutation            4
   e - Blade Hands                    Transmutation                5
Comestibles
 d - 4 bread rations
 n - 5 fruits
 s - a beef jerky


   Skills:
 - Level 1.0 Fighting
 - Level 2.1 Dodging
 + Level 2.9 Stealth
 + Level 3.4 Unarmed Combat
 - Level 3.1 Spellcasting
 * Level 5.3 Transmutations
 + Level 0.1 Poison Magic


You had 5 spell levels left.
You knew the following spells:

 Your Spells              Type           Power        Failure   Level  Hunger
a - Beastly Appendage     Tmut           ###...       6%          1    None
b - Sticks to Snakes      Tmut           ###.....     10%         2    ##.....
c - Spider Form           Tmut/Pois      ##........   32%         3    ###....


Dungeon Overview and Level Annotations

Branches:
Dungeon (4/15)
 Temple: D:4-7

Altars:
Ashenzari
Dithmenos
Nemelex Xobeh


Innate Abilities, Weirdness & Mutations

You passively map a small area around you.


Message History

A magic dart appears from out of thin air!
The magic dart hits you!
* * * LOW HITPOINT WARNING * * *
You hit the orc.
The orc is poisoned.
The orc is moderately wounded.
The orc barely misses you. Something closely misses you.
You bite the orc!
You kill the orc!
Dithmenos accepts your kill. Something closely misses you.
You hit the orc.
You kill the orc!
Dithmenos accepts your kill. Something hits you.
* * * LOW HITPOINT WARNING * * *
Items here: ) [[ †† a chain mail; a hand axe; a ring mail; an orc corpse x2
A magic dart appears from out of thin air!
The magic dart hits you!
You die...

##..##..............#.#
#..####...........##.#
#..# #####......###.#
#..## ##.....# .. #...#
#S#...# .* ##..##
#.##.## * ##..# #.##[#
* #..### #.##.# ,
##...## #[##s# * #.#..#
#.##o# #.##.## #.##(# *
#.##..# #.##.# * #
#..##.# #.##(# * #
##.##.# #.##...oo.# #
#.##.# #.##.###### ####
#.##.# #.#### ...#
#.##.###.#


You could see an orc (wandering).

Vanquished Creatures
  An ice beast (D:3)
  A centaur skeleton (D:4)
  2 hounds (D:4)
  2 iguanas (D:4)
  A worker ant (D:4)
  A hound skeleton (D:4)
  2 adders
  A dart slug (D:2)
  A worm (D:2)
  A giant gecko (D:4)
  5 orcs
  3 giant cockroaches
  3 goblins (D:3)
  8 hobgoblins
  A jackal (D:4)
  6 kobolds
  2 quokkas (D:4)
  12 bats
  4 giant newts
  9 rats
66 creatures vanquished.

Vanquished Creatures (collateral kills)
  2 adders (D:4)
  2 worms
  A jackal (D:4)
5 creatures vanquished.

Grand Total: 71 creatures vanquished

Notes
Turn   | Place    | Note
-------+----------+-------------------------------------------
     0 | D:1      | FitzyFitz the High Elf Transmuter began the quest for the Orb.
     0 | D:1      | Reached XP level 1. HP: 13/13 MP: 4/4
   549 | D:1      | Reached XP level 2. HP: 18/18 MP: 6/6
   883 | D:1      | Reached skill level 3 in Transmutations
  1045 | D:2      | Learned a level 2 spell: Sticks to Snakes
  1053 | D:2      | Found a faded altar of an unknown god.
  1150 | D:2      | Became a worshipper of Dithmenos the Shadowed
  1150 | D:2      | Reached * piety under Dithmenos
  1449 | D:2      | Reached XP level 3. HP: 23/23 MP: 6/8
  1695 | D:2      | HP: 1/23 [worm (8)]
  2106 | D:2      | Learned a level 3 spell: Spider Form
  2175 | D:3      | Found a shattered altar of Ashenzari.
  2193 | D:3      | Gained mutation: You are weak. (Str -2) [potion of mutation]
  2193 | D:3      | Gained mutation: You passively map a small area around you. [potion of mutation]
  2193 | D:3      | Lost mutation: You are weak. (Str -2) [potion of mutation]
  2523 | D:3      | Reached skill level 1 in Stealth
  2540 | D:3      | Found a sparkling altar of Nemelex Xobeh.
  2638 | D:3      | Noticed an ice beast
  2660 | D:3      | Killed an ice beast
  2660 | D:3      | Reached skill level 4 in Transmutations
  2660 | D:3      | Reached XP level 4. HP: 28/28 MP: 6/9
  2991 | D:4      | Reached XP level 5. HP: 24/33 MP: 8/10
  3599 | D:4      | Reached skill level 5 in Transmutations
  3920 | D:4      | Reached ** piety under Dithmenos
  4081 | D:4      | Reached XP level 6. HP: 23/38 MP: 6/11
  4416 | D:4      | Killed from afar by an orc wizard

Vault maps used:
D:1:      lightli_arrival_farm, minivault_4
D:2:      ecumenical_altar_2
D:3:      evilmike_ruin_ashenzari, nemelex_xobeh_ov_fountains_minmay
D:4:      first_bread

Skill      XL: |  1  2  3  4  5 |
---------------+----------------+-----
Transmutations | 3 4 5 |  5.3
Stealth        | 1 2 |  2.9
Spellcasting   | 3 |  3.1
Unarmed Combat | 3 |  3.4
Fighting       | |  1.0
Dodging        | |  2.1
Poison Magic   | |  0.1

Action                   |  1- 3 |  4- 6 || total
-------------------------+-------+-------++-------
Melee: Unarmed           |   166 |   100 ||   266
       Headbutt          |     8 |     4 ||    12
       Kick              |    10 |       ||    10
 Fire: Hunting sling     |       |    31 ||    31
Throw: Stone             |    10 |       ||    10
 Cast: Beastly Appendage |    25 |     7 ||    32
       Sticks to Snakes  |     8 |     9 ||    17
       Spider Form       |       |     1 ||     1
Evoke: Wand              |     3 |       ||     3
  Use: Scroll            |     2 |     1 ||     3
       Potion            |     1 |       ||     1
 Stab: Sleeping          |     1 |     2 ||     3
       Distracted        |     1 |     1 ||     2
  Eat: Chunk             |     6 |     4 ||    10
       Royal jelly       |       |     1 ||     1
Armor: Robe              |    34 |    21 ||    55
Dodge: Dodged            |   108 |    78 ||   186
